 Dungeon Sprint DCSS version 0.21.0-3-g78d12a8 (webtiles) character file.

28 sanboga the Skirmisher (level 3, -2/36 HPs)
             Began as a Gargoyle Monk on Jan 16, 2018.
             Was an Elder of Trog.
             Slain by a centaur (4 damage)
             ... in the Dungeon (Sprint VII: "The Pits").
             The game lasted 00:02:11 (526 turns).

sanboga the Skirmisher (Gargoyle Monk)               Turns: 526, Time: 00:02:11

Health: -2/36      AC: 14    Str: 20    XL:     3   Next: 12%
Magic:  3/3        EV:  8    Int: 10    God:    Trog [****..]
Gold:   0          SH:  0    Dex: 12    Spells: 2/2 levels left

rFire    . . .     SeeInvis .   b - +1 hand axe (freeze)
rCold    . . .     Gourm    .   (no shield)
rNeg     + . .     Faith    .   m - +3 chain mail
rPois    ∞         Spirit   .   (no helmet)
rElec    +         Reflect  .   (no cloak)
rCorr    .         Harm     .   (no gloves)
MR       .....     NoTele   +   (no boots)
Stlth    ..........             (no amulet)
HPRegen  0.12/turn              (no ring)
MPRegen  0.08/turn              (no ring)

@: berserking, very quick
A: negative energy resistance 1, electricity resistance, unbreathing,
petrification resistance, rot immunity, AC +3
a: Berserk, Trog's Hand, Brothers in Arms, Burn Spellbooks, Renounce Religion


You were in the Dungeon.
You worshipped Trog.
Trog was greatly pleased with you.
You were not hungry.

You visited 1 branch

Inventory:

Hand Weapons
 b - a +1 hand axe of freezing (weapon)
Armour
 m - a +3 chain mail (worn)
Scrolls
 i - a scroll of blinking
 k - 3 scrolls of remove curse
 l - a scroll of summoning
Potions
 a - a potion of invisibility
 d - 6 potions of curing
 e - 6 potions of heal wounds
 f - a potion of haste
 g - 4 potions of magic
 h - 3 potions of berserk rage
Comestibles
 c - 9 rations


   Skills:
 + Level 4.6 Fighting
 * Level 3.8 Axes
 + Level 0.0 Armour
 - Level 3.4 Dodging
 - Level 4.1 Stealth


You had 2 spell levels left.
You didn't know any spells.

Dungeon Overview and Level Annotations

Branches:
Dungeon (1/1)

Altars:
Ashenzari
Cheibriados
Dithmenos
Elyvilon
Fedhas
Gozag
Hepliaklqana
Kikubaaqudgha
Makhleb
Nemelex Xobeh
Okawaru
Qazlal
Ru
Sif Muna
Trog
Uskayaw
Vehumet
Wu Jian
Xom
Yredelemnul
Zin
The Shining One
Beogh
Jiyva
Lugonu


Innate Abilities, Weirdness & Mutations

You are resistant to torment.
Your stone body is resilient. (AC +3)
You are immune to poison.
You resist negative energy. (rN+)
You are resistant to electric shocks. (rElec)
You can survive without breathing.
You are immune to petrification.
You are immune to rotting.


Message History

You see here 2 arrows.
The centaur shoots an arrow.
The arrow hits you!
The centaur shoots an arrow.
The arrow hits you but does no damage.
You see here 3 arrows.
You close the door, pushing everything out of the way.
You start resting.
The centaur unwields an uncursed shortbow.
The centaur barely misses you.
There is an open door here.
A red film seems to cover your vision as you go berserk!
You feel yourself moving faster!
You feel mighty!
You feel a lot more hungry.
The centaur hits you but does no damage.
You slash the centaur! You freeze the centaur.
The centaur is heavily wounded.
You slash the phantom! The centaur hits you.
* * * LOW HITPOINT WARNING * * *
The phantom hits you.
* * * LOW HITPOINT WARNING * * *
The phantom blinks!
The centaur hits you.
You die...

#.#..#..#..##.....
#.#..'..'.)#####'#
#.##)####'###.....
#.#)(......##.....
#.#........##.....
#.#####'#####...<.
#.#....))..##.....
#(#..[)))).##.....
#@###########.....
#cWZ....# ######
#sc.....#
#K..#...# #..##
..# #... .# #... #
#....


You could see a phantom, 2 centaurs, a scorpion, a bat zombie and a kobold.

Vanquished Creatures
  A gnoll (D)
  An ooze (D)
  2 leopard geckos (D)
  2 orcs (D)
  A bat skeleton (D)
  A bat zombie (D)
  A kobold (D)
  A giant cockroach zombie (D)
10 creatures vanquished.

Notes
Turn   | Place    | Note
-------+----------+-------------------------------------------
     0 | D        | sanboga the Gargoyle Monk began the quest for the Orb.
     0 | D        | Reached XP level 1. HP: 14/14 MP: 1/1
    35 | D        | Found a bloodstained altar of Trog.
    35 | D        | Found a deep blue altar of Sif Muna.
    35 | D        | Found a viscous altar of Jiyva.
    35 | D        | Found a hazy altar of Hepliaklqana.
    35 | D        | Found an opulent altar of Gozag.
    36 | D        | Found a glowing golden altar of the Shining One.
    36 | D        | Found a glowing silver altar of Zin.
    36 | D        | Found a basalt altar of Yredelemnul.
    36 | D        | Found a shimmering altar of Xom.
    36 | D        | Found an ornate altar of the Wu Jian Council.
    36 | D        | Found a sacrificial altar of Ru.
    36 | D        | Found a stormy altar of Qazlal.
    36 | D        | Found an iron altar of Okawaru.
    36 | D        | Found a sparkling altar of Nemelex Xobeh.
    36 | D        | Found a burning altar of Makhleb.
    36 | D        | Found a blossoming altar of Fedhas.
    36 | D        | Found a white marble altar of Elyvilon.
    36 | D        | Found a shadowy altar of Dithmenos.
    36 | D        | Found a snail-covered altar of Cheibriados.
    38 | D        | Found a radiant altar of Vehumet.
    38 | D        | Found a corrupted altar of Lugonu.
    38 | D        | Found a roughly hewn altar of Beogh.
    39 | D        | Found a hide-covered altar of Uskayaw.
    39 | D        | Found an ancient bone altar of Kikubaaqudgha.
    39 | D        | Found a shattered altar of Ashenzari.
    44 | D        | Became a worshipper of Trog the Wrathful
    44 | D        | Reached * piety under Trog
    44 | D        | Reached ** piety under Trog
    82 | D        | Reached XP level 2. HP: 19/20 MP: 2/2
   385 | D        | Reached *** piety under Trog
   388 | D        | Reached XP level 3. HP: 19/24 MP: 3/3
   447 | D        | Reached **** piety under Trog
   447 | D        | Received a gift from Trog
   519 | D        | Noticed a centaur
   520 | D        | Noticed a scorpion
   520 | D        | Noticed a phantom
   520 | D        | Noticed a centaur
   526 | D        | Slain by a centaur

Skill      XL: |  1  2  3 |
---------------+----------+-----
Axes           | 3 |  3.8
Stealth        | 3 4 |  4.1
Fighting       | 4 |  4.6
Dodging        | 3 |  3.4

Action                   || total
-------------------------++-------
Melee: Hand axe          ||    22
Invok: Berserk           ||     1
  Use: Potion            ||     1
 Stab: Sleeping          ||     2
Armor: Robe              ||     6
       Chain mail        ||     2
Dodge: Dodged            ||    23
